AoeStats
← Homer554

Arena

510479348Analyzed
1v1 RM · 2d ago on Oct 1, 2026· 21m 41s· 2 players
Game mode
Random Map
Map size
Tiny (2 player)
Population
200
Speed
Normal
Resources
Standard
Victory
Conquest
Starting age
Dark Age
Ending age
Imperial Age
RankedLock teamsTeams togetherTeam positionsShared explorationLock speedFull tech treeHidden civsTurbo modeCheats
Victory
Defeat
🇲🇽 Cumans · Mexico
881
+15
🇷🇺 Britons · Russia
851
-15
Homer554
10:59 Feudal Age
14:31 Castle Age
13:09 Horse Collar
13:25 Double-Bit Axe
15:16 Fletching
16:00 Heavy Plow
15:51 Loom
17:35 Crossbowman
[COBRA] PANCHITO RENE
0:26 Loom
11:55 Feudal Age
12:54 Man-at-Arms
Connection lost

Rejoining the realm…

Still unreachable

The connection could not be restored.

Session expired

The server has moved on; the page needs a fresh start.